 Dungeon Crawl Stone Soup version 0.30-a0-782-ge64f9170bb (webtiles) character file.

Game seed: 1065541279019939942

4462 Dirtsage the Cleaver (level 10, -4/79 HPs)
             Began as a Demonspawn Fighter on Mar 1, 2023.
             Was a Believer of Okawaru.
             Slain by a troll (9 damage)
             ... on level 8 of the Dungeon.
             The game lasted 00:13:13 (7262 turns).

Dirtsage the Cleaver (Demonspawn Fighter)           Turns: 7262, Time: 00:13:14

Health: -4/79      AC: 15    Str: 20    XL:     10   Next: 15%
Magic:  13/13      EV:  9    Int: 11    God:    Okawaru [**....]
Gold:   351        SH:  4    Dex: 12    Spells: 9/9 levels left

rFire   + . .      SeeInvis .    a - +0 war axe
rCold   . . .      Faith    .    c - +0 buckler
rNeg    . . .      Spirit   .    b - +0 scale mail
rPois   .          Reflect  .    (helmet restricted)
rElec   .          Harm     .    A - +0 cloak
rCorr   +          Rampage  .    (no gloves)
Will    .....                    H - +0 pair of boots Stlth
                                 J - amulet of regeneration
HPRegen 1.13/turn                C - ring of resist corrosion
MPRegen 0.13/turn                F - ring of protection from fire

@: sanguine armoured
A: antennae 2, (demonic guardian 2), spiny 1, sanguine armour 1
a: Renounce Religion, Heroism


You were on level 8 of the Dungeon.
You worshipped Okawaru.
Okawaru was pleased with you.
You visited 2 branches of the dungeon, and saw 9 of its levels.

You collected 351 gold pieces.

Inventory:

Hand Weapons
 a - a +0 war axe (weapon)
 K - a +1 heavy broad axe
Missiles
 D - a curare-tipped dart (quivered)
Armour
 b - a +0 scale mail (worn)
 c - a +0 buckler (worn)
 A - a +0 cloak (worn)
 H - a +0 pair of boots (worn)
Magical Staves
 x - a staff of death
Jewellery
 m - an amulet of the acrobat
 C - a ring of resist corrosion (left hand)
 E - an amulet of faith
 F - a ring of protection from fire (right hand)
 J - an amulet of regeneration (around neck)
Wands
 e - a wand of paralysis (7)
 n - a wand of flame (36)
 B - a wand of iceblast (10)
 L - a wand of quicksilver (4)
Scrolls
 f - 3 scrolls of teleportation {unknown}
 g - 2 scrolls of fear
 i - 2 scrolls of identify
 j - a scroll of poison
 r - a scroll of summoning
 s - a scroll of immolation
 t - a scroll of fog {unknown}
 u - a scroll of enchant weapon {unknown}
 w - a scroll of enchant armour
 y - 2 scrolls of magic mapping {unknown}
 G - a scroll of noise {unknown}
Potions
 d - 2 potions of might
 h - a potion of mutation {unknown}
 k - 2 potions of flight {unknown}
 l - a potion of attraction {unknown}
 o - 3 potions of degeneration {unknown}
 p - a potion of cancellation {unknown}
 q - 7 potions of curing
 v - a potion of haste {unknown}
 z - 2 potions of heal wounds {unknown}
 I - a potion of lignification {unknown}


   Skills:
 + Level 7.4 Fighting
 * Level 11.2 Axes
 + Level 3.4 Armour
 + Level 1.7 Dodging
 + Level 3.4 Shields
 * Level 4.0 Invocations


You had 9 spell levels left.
You didn't know any spells.
Your spell library contained the following spells:

 Spells                   Type           Power      Damage    Failure   Level
 Cigotuvi's Dreadful Rot  Necr/Pois/Air  0%         N/A       89%         2
 Poisonous Vapours        Pois/Air       0%         N/A       89%         2
 Static Discharge         Conj/Air       0%         2-2/arc   89%         2
 Sublimation of Blood     Necr           0%         N/A       89%         2
 Mephitic Cloud           Conj/Pois/Air  0%         N/A       98%         3
 Vhi's Electric Charge    Tloc/Air       0%         N/A       98%         3
 Airstrike                Air            0%         2d(0-16)  100%        4
 Petrify                  Tmut/Erth      0%         N/A       100%        4
 Arcjolt                  Conj/Air       0%         1d10      100%        5
 Irradiate                Conj/Tmut      0%         3d11      100%        5
 Lightning Bolt           Conj/Air       0%         1d11      100%        5
 Summon Lightning Spire   Summ/Air       Unusable   N/A       N/A         4

Dungeon Overview and Level Annotations

Branches:
Dungeon (8/15)             Temple (1/1) D:6            Lair (0/5) D:8

Altars:
Ashenzari
Cheibriados
Dithmenos
Fedhas
Gozag
Kikubaaqudgha
Makhleb
Nemelex Xobeh
Okawaru
Ru
Sif Muna
Trog
Uskayaw
Wu Jian
Yredelemnul


Innate Abilities, Weirdness & Mutations

You have a pair of antennae on your head.
((A demonic guardian rushes to your aid.))
You are partially covered in sharp spines.
When seriously injured, your blood forms armour. (AC +6)


Message History

You take 13 damage, and have 49/79 hp.
You hit the troll but do no damage.
The troll is moderately wounded.
The troll bites you! The troll claws you.
The troll claws you but does no damage.
You take 7 damage, and have 42/79 hp.
You hit the troll but do no damage.
The troll is moderately wounded.
The troll is struck by your spines. The troll closely misses you.
The troll claws you. The troll misses you.
You take 4 damage, and have 38/79 hp.
You barely miss the troll.
The troll is heavily wounded.
The troll is struck by your spines. The troll bites you! The troll claws you.
You block the troll's attack.
You take 11 damage, and have 27/79 hp.
You slash the troll!
The troll is severely wounded.
The troll bites you.
* * * LOW HITPOINT WARNING * * *
The troll barely misses you. The troll claws you.
* * * LOW HITPOINT WARNING * * *
You take 8 damage, and have 19/79 hp.
You hit the troll but do no damage.
The troll is severely wounded.
The troll is struck by your spines. The troll bites you.
* * * LOW HITPOINT WARNING * * *
The troll claws you!
* * * LOW HITPOINT WARNING * * *
The troll barely misses you.
You barely miss the troll.
The troll is severely wounded.
You block the troll's attack. The troll completely misses you.
The troll claws you!
* * * LOW HITPOINT WARNING * * *
You take 15 damage, and have 4/79 hp.
You closely miss the troll.
The troll is severely wounded.
The troll closely misses you. The troll claws you!
You die...

.........# #...##.# .
.........#####.##.#
..................#
#############...###
#########.#...#######..
..................~≈~~~
............~.~..~~≈≈≈≈
...........~~..~≈≈~≈≈≈≈
........@..~.~.≈≈≈≈≈≈≈≈
.......$T..~≈~~~≈≈≈~≈~~
..........~≈≈≈≈~≈≈~.~~.
..).......~~~~~~......~
....................>..
..........~~~~≈≈.~~...~~≈
######......≈≈≈ ...~..≈≈
#...~~~~≈≈ ~~~.~≈≈≈
≈≈~≈h~≈≈


You could see a troll.

Vanquished Creatures
  An unseen horror (D:5)
  Maggie (D:7)
  A troll (D:8)
  A steam dragon (D:7)
  2 water moccasins
  Duvessa (D:5)
  2 ice beasts
  3 black bears
  4 ogres
  3 wolves
  2 centaurs (D:7)
  2 phantoms
  A kobold brigand (D:6)
  A bullfrog (D:6)
  3 necrophages
  A scorpion (D:3)
  3 wights (D:6)
  Dowan (D:5)
  5 killer bees (D:7)
  An electric eel (D:8)
  4 howler monkeys
  2 orc priests
  6 hounds
  A jelly (D:5)
  Crazy Yiuf (D:5)
  An iguana (D:6)
  Ijyb (D:5)
  5 orc wizards
  4 gnolls
  14 adders
  2 shadow imps (D:6)
  An ufetubus (D:5)
  3 dart slugs
  27 orcs
  7 endoplasms
  5 giant cockroaches
  9 hobgoblins
  11 jackals
  3 quokkas
  6 ball pythons
  4 bats
  3 frilled lizards (D:1)
  A goblin (D:3)
  9 kobolds
  8 rats
177 creatures vanquished.

Vanquished Creatures (collateral kills)
  A kobold brigand (D:6)
  A killer bee (D:7)
  An orc (D:7)
  A kobold (D:6)
4 creatures vanquished.

Vanquished Creatures (others)
  An orc (D:7)
1 creature vanquished.

Grand Total: 182 creatures vanquished

Notes
Turn   | Place    | Note
-------+----------+-------------------------------------------
     0 | D:1      | Dirtsage the Demonspawn Fighter began the quest for the
                  | Orb.
     0 | D:1      | Reached XP level 1. HP: 18/18 MP: 1/1
    84 | D:1      | Reached skill level 2 in Axes
    84 | D:1      | Gained mutation: You are partially covered in sharp spines.
                  | [demonic ancestry]
    84 | D:1      | Reached XP level 2. HP: 12/24 MP: 2/2
   180 | D:1      | Reached skill level 3 in Axes
   337 | D:1      | Gained mutation: You have a pair of small antennae on your
                  | head. [demonic ancestry]
   337 | D:1      | Reached XP level 3. HP: 26/29 MP: 3/3
   751 | D:2      | Found a snail-covered altar of Cheibriados.
   817 | D:2      | Identified the +2 robe of Tenacity {rF- Str-2 Slay+6
                  | Archmagi}
  1382 | D:3      | Gained mutation: When seriously injured, your blood forms
                  | armour. (AC +6) [demonic ancestry]
  1382 | D:3      | Reached XP level 4. HP: 35/35 MP: 4/4
  1384 | D:3      | Reached skill level 4 in Axes
  1436 | D:3      | Noticed a scorpion
  1444 | D:3      | Killed a scorpion
  1550 | D:3      | Reached XP level 5. HP: 41/41 MP: 5/5
  1790 | D:3      | Reached skill level 5 in Axes
  1886 | D:3      | Noticed a water moccasin
  1895 | D:3      | Killed a water moccasin
  1896 | D:3      | Reached skill level 6 in Axes
  1896 | D:3      | Gained mutation: A weak demonic guardian rushes to your
                  | aid. [demonic ancestry]
  1896 | D:3      | Reached XP level 6. HP: 32/47 MP: 6/6
  2735 | D:4      | Found an opulent altar of Gozag.
  3328 | D:5      | Entered Level 5 of the Dungeon
  3371 | D:5      | Reached skill level 7 in Axes
  3371 | D:5      | Gained mutation: You have a pair of antennae on your head.
                  | [demonic ancestry]
  3371 | D:5      | Reached XP level 7. HP: 46/52 MP: 7/7
  3391 | D:5      | Noticed Ijyb
  3399 | D:5      | Killed Ijyb
  3477 | D:5      | Found a runed translucent door.
  3478 | D:5      | Noticed Crazy Yiuf
  3485 | D:5      | Killed Crazy Yiuf
  3985 | D:5      | Reached skill level 8 in Axes
  4086 | D:5      | Reached XP level 8. HP: 30/61 MP: 8/8
  4240 | D:5      | Killed an unseen horror
  4241 | D:5      | Reached skill level 5 in Fighting
  4311 | D:5      | Reached skill level 9 in Axes
  4469 | D:5      | Noticed Duvessa
  4481 | D:5      | Killed Duvessa
  4482 | D:5      | Noticed Dowan
  4495 | D:5      | Killed Dowan
  4810 | D:6      | You fall into a shaft and drop 1 floor!
  5046 | D:7      | Reached XP level 9. HP: 61/69 MP: 9/9
  5051 | D:7      | Reached skill level 10 in Axes
  6172 | D:6      | Found a staircase to the Ecumenical Temple.
  6178 | Temple   | Entered the Ecumenical Temple
  6342 | Temple   | Became a worshipper of Warmaster Okawaru
  6504 | D:7      | Found a broken altar of Ashenzari.
  6601 | D:7      | Reached skill level 1 in Invocations
  6688 | D:7      | Reached skill level 11 in Axes
  6715 | D:7      | Reached skill level 1 in Dodging
  6856 | D:7      | Noticed Maggie
  6873 | D:7      | Killed Maggie
  6873 | D:7      | Reached * piety under Okawaru
  7027 | D:7      | Gained mutation: A demonic guardian rushes to your aid.
                  | [demonic ancestry]
  7027 | D:7      | Reached XP level 10. HP: 56/79 MP: 12/12
  7102 | D:8      | Found a basalt altar of Yredelemnul.
  7102 | D:8      | Found a sparkling altar of Nemelex Xobeh.
  7118 | D:8      | Reached ** piety under Okawaru
  7159 | D:8      | Found a staircase to the Lair.
  7262 | D:8      | Slain by a troll

Illustrated notes

Levels and vault maps discovered:
D:1:      lightli_arrival_statue_moat, layout_basic
D:2:      layout_loops_ring, basic_altar, grunt_decor_cap, kennysheep_donut
D:3:      layout_basic, serial_glass, glass_columns_a, glass_columns_b
D:4:      layout_layer_cave, grunt_gozag_breadcrumbs, minmay_misc_feat_tiny
D:5:      layout_basic, nicolae_half_adder, uniq_crazy_yiuf_cottage, uniq_ijyb,
          uniq_duvessa
D:6:      layout_basic, tso_altar, minmay_temple_entry_fiery
D:7:      layout_gridville, cheibrodos_ashenzari_chains, uniq_maggie
D:8:      layout_basic, vehumet_statue,
          chequers_temple_overflow_statue_of_worship, erik_lair_island,
          special_room [special_room_kobold]
Temple:   minmay_temple_curvy_loop

Skill      XL: |  1  2  3  4  5  6  7  8  9 10 |
---------------+-------------------------------+-----
Axes           | 2 3 4 6 7 8 9 11 | 11.2
Fighting       | 4 6 7 |  7.4
Invocations    | 3 4 |  4.0
Armour         | 3 |  3.4
Dodging        | 1 |  1.7
Shields        | 3 |  3.4

Action                     |  1- 3 |  4- 6 |  7- 9 | 10-12 || total
---------------------------+-------+-------+-------+-------++-------
  Melee: War axe           |    78 |    99 |   242 |    40 ||   459
  Evoke: Wand              |       |       |     4 |       ||     4
    Use: Scroll            |       |     4 |     1 |       ||     5
         Potion            |       |       |     1 |       ||     1
   Stab: Distracted        |       |       |     1 |       ||     1
         Paralysed         |       |       |     9 |       ||     9
 Armour: Scale mail        |    25 |    29 |    74 |    24 ||   152
  Dodge: Dodged            |    36 |    36 |   118 |    29 ||   219
  Block: Buckler           |    18 |    28 |    51 |    11 ||   108

Table legend: (Time is in decaauts)
 A = Elapsed time spent in this place.
 B = Non-inter-level travel time spent in this place.
 C = Inter-level travel time spent in this place.
 D = Time resting spent in this place.
 E = Time spent auto-exploring this place.
 F = Levels seen in this place.
 G = Mean time per level.
                   A        B        C        D        E       F      G
               +--------+--------+--------+--------+--------+-----+--------+
         Total |   7329 |   7105 |    224 |     74 |   5955 |   9 |  814.3 |
       Dungeon |   7141 |   6939 |    202 |     74 |   5803 |   8 |  892.6 |
        Temple |    187 |    165 |     22 |      0 |    152 |   1 |  187.0 |
               +--------+--------+--------+--------+--------+-----+--------+

Top non-repeatable levels by time:
     D:5: 1474 daAuts
     D:6: 1224 daAuts
     D:4: 1105 daAuts
     D:3: 1018 daAuts
     D:7: 892 daAuts
     D:1: 641 daAuts
     D:2: 615 daAuts
  Temple: 187 daAuts
     D:8: 169 daAuts
